 Dungeon Crawl Stone Soup version 0.32-a0-913-g739538afd8 (webtiles) character file.

Game seed: 5656551460012161763

900 ezpacito the Chopper (level 8, -4/73 HPs)
             Began as a Coglin Chaos Knight on Apr 9, 2024.
             Was a Plaything of Xom.
             Slain by a gnoll
             ... wielding a +0 spear
             ... led by a gnoll bouda
              (6 damage)
             ... on level 5 of the Dungeon.
             The game lasted 00:07:17 (3957 turns).

ezpacito the Chopper (Coglin Chaos Knight)          Turns: 3957, Time: 00:07:17

Health: -4/73      AC:  9    Str: 13 (14) XL:     8   Next: 7%
Magic:  10/10      EV:  8    Int: 10 (12) God:    Xom [...*..]
Gold:   290        SH:  0    Dex: 13 (14) Spells: 10/10 levels left

rFire   . . .        a - +0 hand axe (chaos) {Anan}
rCold   . . .        d - +1 flail (holy) {Lucius}
rNeg    . . .        e - +0 chain mail
rPois   .            (no helmet)
rElec   .            (no cloak)
rCorr   .            (no gloves)
SInv    .            (no boots)
Will    .....        (amulet unavailable) Stlth
                     (ring unavailable)
HPRegen 0.32/turn    (ring unavailable)
MPRegen 0.12/turn    (no gizmo)

%: no passive effects
@: weak-willed, weakened, revving
A: off-hand wielding, slow wielding, warmup strikes, no jewellery, robust 2,
wild magic 1, sturdy frame 1
a: Invent Gizmo, Renounce Religion


You were on level 5 of the Dungeon.
You worshipped Xom.
You were a favourite toy of Xom.
You visited 2 branches of the dungeon, and saw 6 of its levels.
You also visited: Sewer.

You collected 290 gold pieces.

Inventory:

Hand Weapons
 a - a +0 hand axe of chaos (weapon) {Anan}
 c - a +0 spear {Uttamveer}
 d - a +1 flail of holy wrath (offhand) {Lucius}
 p - a +0 war axe
 u - a +0 war axe
Missiles
 v - 2 throwing nets (quivered)
Armour
 e - a +0 chain mail (worn)
Talismans
 j - a flux talisman
Wands
 s - a wand of acid (1)
Scrolls
 k - a scroll of immolation {unknown}
 n - 4 scrolls of noise
Potions
 b - 3 potions of magic


   Skills:
 * Level 4.6 Fighting
 * Level 4.6(5.1) Axes
 * Level 2.9(4.0) Polearms
 * Level 3.8 Armour
 * Level 3.0 Dodging
 + Level 2.0 Stealth
 + Level 1.7 Spellcasting
 + Level 1.3 Evocations


You had 10 spell levels left.
You didn't know any spells.
Your spell library was empty.

Dungeon Overview and Level Annotations

Branches:
Dungeon (5/15)             Temple (1/1) D:4           Sewer (visited)

Altars:
Ashenzari
Cheibriados
Dithmenos
Elyvilon
Fedhas
Gozag
Hepliaklqana
Kikubaaqudgha
Nemelex Xobeh
Okawaru
Qazlal
Ru
Sif Muna
Trog
Uskayaw
Vehumet
Wu Jian
Yredelemnul
Zin

Shops:
D:3 (


Innate Abilities, Weirdness & Mutations

You can wield a second weapon in your off-hand.
It takes a long time for you to wield or remove held weapons.
Your first few attacks do less damage.
You cannot equip rings or amulets.
You are very robust. (+20% HP)
Your spells are a little harder to cast, but a little more powerful.
Your movements are slightly less encumbered by armour. (ER -2)


Message History

It was a scroll of vulnerability.
You kill the orc!
Your quasit bites the gnoll.
Your quasit claws the gnoll.
Your quasit claws the gnoll but does no damage.
The gnoll bouda gazes fiercely through you!
You feel your attacks grow feeble.
The gnoll bouda hits you but does no damage.
Your white imp closely misses the gnoll.
The gnoll hits your quasit but does no damage.
The gnoll completely misses your quasit.
The gnoll hits you but does no damage.
This is a scroll of acquirement!
Something appears at your feet!
Your quasit bites the gnoll.
Your quasit claws the gnoll but does no damage.
Your quasit claws the gnoll.
The gnoll dies!
The gnoll bouda barks out a call to the hunt!
The gnoll picks up the pace!
The gnoll hits your quasit but does no damage.
The gnoll barely misses you. x2
The air fills with toxic fumes!
As you read the scroll labelled NOSAYF ZIMEULLA, it crumbles to dust.
It was a scroll of poison.
You kill the gnoll!
Your quasit bites the gnoll.
Your quasit completely misses the gnoll.
Your quasit closely misses the gnoll.
The gnoll closely misses you.
The gnoll bouda utters an invocation to its god.
The gnoll bouda is healed somewhat.
Your white imp hits the gnoll bouda but does no damage.
The gnoll closely misses your quasit.
Your quasit bites the gnoll.
Your quasit claws the gnoll but does no damage.
Your quasit claws the gnoll.
As you read the scroll labelled YHEONA MAAMABA, it crumbles to dust.
It is a scroll of enchant weapon.
The +3 heavy broad axe glows red for a moment.
The gnoll bouda hits you with a +0 whip!
* * * LOW HITPOINT WARNING * * *
The gnoll hits you from afar with a +0 spear.
You die...

* **, *
#.......## ,,,,
,, ,, *,
,,#<...oo..# *,
** ** , ,** **
*,#..SSs)..# * *
* * ,,,,, ,
########.#### #
*,, ,, ,, ,,,,
,* #........#.#
* *** ,,,*,*
*####..........#
,* > , *
,.....§§§§§..#.#
* * ,,,***
.....§§g5§..#*#
** * *+* *
.....#§@§####,
,, ,* ,,, ,
,,.....#§5§#
,*** ,* ,, ,,,
,....,#§gg# ,,,,
,,, , ,,...
,#..§#** * + **
** ,, ,,,,*###,
...§§ ,, , ,, ,,
, ,, ,,* ##..§##
**,,,, ,, ,,, ,,
, *, ##### , ,,
, , ,,,,, * * *
*,,,,, ,, , *,*
** ** , , , ,


You could see a gnoll bouda (weak-willed, ally target), 2 gnolls, a friendly
quasit (summoned, weak-willed) and a friendly white imp (summoned, weak-willed).

Vanquished Creatures
  Pargi (Sewer)
  A black bear (D:5)
  2 brain worms (Sewer)
  2 hounds (D:4)
  A gnoll bouda (D:4)
  A sleepcap (D:4)
  Jessica (D:1)
  An iguana (D:4)
  Terence (D:3)
  4 orc wizards
  11 gnolls
  5 adders
  A dart slug (D:4)
  A ribbon worm (D:4)
  8 orcs
  5 endoplasms
  6 giant cockroaches
  8 goblins
  9 hobgoblins
  4 jackals (D:2)
  7 ball pythons
  6 bats
  6 frilled lizards
  14 kobolds
  3 rats
109 creatures vanquished.

Vanquished Creatures (collateral kills)
  3 gnolls
  A ribbon worm (D:2)
4 creatures vanquished.

Grand Total: 113 creatures vanquished

Notes
Turn   | Place    | Note
-------+----------+-------------------------------------------
     0 | D:1      | ezpacito the Coglin Chaos Knight began the quest for the
                  | Orb.
     0 | D:1      | Reached XP level 1. HP: 18/18 MP: 1/1
    62 | D:1      | XOM: silly message
    92 | D:1      | XOM: potion effect (berserk rage)
    94 | D:1      | Reached skill level 1 in Dodging
   115 | D:1      | Reached XP level 2. HP: 24/24 MP: 2/2
   154 | D:1      | XOM: silly message
   467 | D:1      | XOM: give mutations
   467 | D:1      | Gained mutation: You are robust. (+10% HP) [Xom's mischief]
   467 | D:1      | Gained mutation: You have a somewhat thin skeletal
                  | structure. (Dex +2, Stealth+) [Xom's mischief]
   467 | D:1      | Gained mutation: You are very robust. (+20% HP) [Xom's
                  | mischief]
   467 | D:1      | Lost mutation: You have a somewhat thin skeletal structure.
                  | (Dex +2, Stealth+) [Xom's mischief]
   524 | D:1      | Reached XP level 3. HP: 34/34 MP: 3/3
   734 | D:1      | Found a faded altar of an unknown god.
   741 | D:1      | XOM: god gift: fuming cyan potion {god gift}
   757 | D:1      | XOM: divination: magic mapping
   824 | D:1      | XOM: god gift: club {god gift}
   991 | D:2      | Noticed Jessica
  1074 | D:1      | Killed Jessica
  1075 | D:1      | Reached skill level 1 in Polearms
  1075 | D:1      | Reached XP level 4. HP: 23/42 MP: 4/4
  1254 | D:2      | XOM: summons 4 friendly demons
  1256 | D:2      | Reached skill level 1 in Stealth
  1375 | D:2      | Reached XP level 5. HP: 48/49 MP: 5/5
  1476 | D:2      | XOM: 2-stop teleportation journey
  1503 | D:2      | XOM: silly message
  1794 | D:3      | Noticed Terence
  1800 | D:3      | Killed Terence
  1967 | D:3      | XOM: enchant monster (good)
  1980 | D:3      | Found a glowing drain.
  1984 | Sewer    | Entered a sewer
  2062 | Sewer    | Noticed Pargi
  2071 | Sewer    | Killed Pargi
  2072 | Sewer    | Reached skill level 1 in Spellcasting
  2072 | Sewer    | Reached XP level 6. HP: 28/57 MP: 4/7
  2091 | Sewer    | XOM: give mutations
  2091 | Sewer    | Gained mutation: Your spells are a little harder to cast,
                  | but a little more powerful. [Xom's grace]
  2091 | Sewer    | Gained mutation: Your movements are slightly less
                  | encumbered by armour. (ER -2) [Xom's grace]
  2275 | Sewer    | XOM: scenery: 6 doors close
  2346 | D:3      | Found a white marble altar of Elyvilon.
  2358 | D:3      | Found Qir Eph's Antique Weapon Shop.
  2393 | D:3      | Reached XP level 7. HP: 61/64 MP: 8/8
  2449 | D:3      | XOM: cloud trail
  2608 | D:4      | XOM: god gift: war axe {god gift}
  3111 | D:4      | Found a staircase to the Ecumenical Temple.
  3148 | Temple   | Entered the Ecumenical Temple
  3809 | D:5      | Entered Level 5 of the Dungeon
  3815 | D:5      | Reached skill level 1 in Evocations
  3855 | D:5      | XOM: scenery: summon butterflies
  3904 | D:5      | XOM: scenery: 1 doors close
  3934 | D:5      | XOM: 3-stop teleportation journey
  3935 | D:5      | XOM: divination: magic mapping
  3941 | D:5      | Reached XP level 8. HP: 36/73 MP: 10/10
  3951 | D:5      | XOM: summons 2 friendly demons
  3955 | D:5      | Identified a scroll of acquirement
  3955 | D:5      | Acquired a +3 heavy broad axe
  3957 | D:5      | HP: 2/73 [gnoll bouda/+0 whip (7)]
  3957 | D:5      | Slain by a gnoll

Illustrated notes

Levels and vault maps discovered:
D:1:      evilmike_arrival_crescent, layout_loops_cross, serial_forest,
          infiniplex_forest_clump_double, infiniplex_forest_lined_room_2,
          infiniplex_forest_corner_2, infiniplex_forest_clump_medium,
          infiniplex_forest_clump_medium, infiniplex_forest_zigzag_1,
          infiniplex_forest_diagonal, infiniplex_forest_straight_2,
          infiniplex_forest_clump_double, shapermc_ecumenical_altar_hornbeckon
D:2:      layout_basic, uniq_jessica
D:3:      layout_rooms, mainiacjoe_overflow_brackets,
          mainiacjoe_sewer_entry_somewhere_in_here_2, serial_shops, shop,
          uniq_terence
D:4:      layout_basic, temple_fountains
D:5:      layout_basic
Temple:   nicolae_temple_no_exploring_needed

Skill      XL: |  1  2  3  4  5  6  7 |
---------------+----------------------+-----
Dodging        | 1 2 3 |  3.0
Armour         | 2 3 |  3.8
Polearms       | 1 2 |  2.9
Stealth        | 1 2 |  2.0
Spellcasting   | 1 |  1.7
Fighting       | 4 |  4.6
Axes           | 4 |  4.6
Evocations     | 1 |  1.3

Action                     |  1- 3 |  4- 6 |  7- 9 || total
---------------------------+-------+-------+-------++-------
  Melee: Hand axe          |    60 |    79 |    97 ||   236
         Dagger            |    50 |    12 |       ||    62
         Spear             |       |    34 |       ||    34
         Flail             |       |    36 |    93 ||   129
  Evoke: Wand              |       |       |     3 ||     3
    Use: Scroll            |     1 |     4 |     9 ||    14
         Potion            |       |       |    10 ||    10
   Stab: Petrifying        |     1 |       |       ||     1
         Confused          |       |     1 |       ||     1
 Armour: Chain mail        |    54 |   112 |   176 ||   342
         Leather armour    |     2 |       |       ||     2
         Skin              |       |       |     7 ||     7
  Dodge: Dodged            |    25 |    32 |    60 ||   117

Table legend: (Time is in decaauts)
 A = Elapsed time spent in this place.
 B = Non-inter-level travel time spent in this place.
 C = Inter-level travel time spent in this place.
 D = Time resting spent in this place.
 E = Time spent auto-exploring this place.
 F = Levels seen in this place.
 G = Mean time per level.
                   A        B        C        D        E       F      G
               +--------+--------+--------+--------+--------+-----+--------+
         Total |   4007 |   3797 |    210 |    537 |   2476 |   7 |  572.4 |
       Dungeon |   3702 |   3493 |    209 |    537 |   2255 |   5 |  740.4 |
        Temple |      1 |      1 |      0 |      0 |      0 |   1 |    1.0 |
         Sewer |    303 |    303 |      0 |      0 |    221 |   1 |  303.0 |
               +--------+--------+--------+--------+--------+-----+--------+

Top non-repeatable levels by time:
     D:1: 1263 daAuts
     D:4: 1071 daAuts
     D:3: 761 daAuts
     D:2: 471 daAuts
   Sewer: 303 daAuts
     D:5: 134 daAuts
  Temple: 1 daAuts
